 Dungeon Crawl Stone Soup version 0.27.1-37-g7b29ead8ac (webtiles) character file.

Game seed: 3925532285328166323

85 cbfl8 the Chopper (level 4, 0/37 HPs)
             Began as a Minotaur Gladiator on June 1, 2023.
             Slain by an orc wizard (2 damage)
             ... on level 3 of the Dungeon.
             The game lasted 00:02:04 (2237 turns).

cbfl8 the Chopper (Minotaur Gladiator)              Turns: 2237, Time: 00:02:04

Health: 0/37       AC:  5    Str: 18    XL:     4   Next: 25%
Magic:  3/3        EV: 10    Int:  5    God:
Gold:   83         SH:  0    Dex: 13    Spells: 3/3 levels left

rFire    . . .     SeeInvis .   a - +0 war axe
rCold    . . .     Faith    .   i - +0 kite shield
rNeg     . . .     Spirit   .   b - +0 leather armour
rPois    .         Reflect  .   c - +0 hat
rElec    .         Harm     .   (no cloak)
rCorr    .         Rampage  .   g - +0 pair of gloves
Will     .....                  f - +0 pair of boots
Stlth    +.........             (no amulet)
HPRegen  0.12/turn              (no ring)
MPRegen  0.08/turn              (no ring)

@: confused
A: horns 2, retaliatory headbutt
a: no special abilities


You were on level 3 of the Dungeon.
You visited 1 branch of the dungeon, and saw 3 of its levels.

You collected 83 gold pieces.

Inventory:

Hand Weapons
 a - a +0 war axe (weapon)
 k - a +0 hand axe of freezing
Missiles
 d - 3 throwing nets (quivered)
Armour
 b - a +0 leather armour (worn)
 c - a +0 hat (worn)
 f - a +0 pair of boots (worn)
 g - a +0 pair of gloves (worn)
 i - a +0 kite shield (worn)
Scrolls
 e - a scroll of teleportation {unknown}
 h - a scroll of immolation {unknown}
 j - a scroll of enchant armour {unknown}


   Skills:
 + Level 2.8 Fighting
 + Level 4.5 Axes
 + Level 2.2 Throwing
 + Level 1.1 Armour
 + Level 3.8 Dodging
 + Level 0.3 Stealth
 * Level 1.3 Evocations


You had 3 spell levels left.
You didn't know any spells.
Your spell library was empty.

Dungeon Overview and Level Annotations

Branches:
Dungeon (3/15)

Altars:
Hepliaklqana
Makhleb
Qazlal
Vehumet

Shops:
D:2 (


Innate Abilities, Weirdness & Mutations

You have a pair of horns on your head.
You reflexively headbutt those who attack you in melee.


Message History

The orc wizard points at you and mumbles some strange words.
You are confused.
You are too confused!
Unknown command.
You are too confused!
Unknown command.
You are too confused!
You completely miss something. You hit the orc. You barely miss the orc wizard.
You barely miss the kobold. The orc hits you but does no damage.
The kobold closely misses you. Something hits you.
The orc wizard closely misses you. The orc hits you with a +0 dagger.
The kobold closely misses you.
You hear some strange, mumbled words.
You are more confused.
The orc wizard hits you with a +0 dagger.
The orc hits you with a +0 dagger.
Unknown command.
You hit the kobold but do no damage. Your headbutt misses the kobold.
You barely miss the orc. The orc hits you with a +0 dagger.
The kobold hits you with a +0 club.
* * * LOW HITPOINT WARNING * * *
The orc barely misses you. The kobold hits you but does no damage.
The orc wizard hits you but does no damage.
The orc hits you with a +0 dagger.
* * * LOW HITPOINT WARNING * * *
The kobold hits you with a +0 club.
* * * LOW HITPOINT WARNING * * *
You see here 13 arrows.
Your shield prevents you from hitting the kobold.
You hit something.
Your shield prevents you from hitting the orc wizard.
You slash the orc!
You kill the orc!
The orc wizard barely misses you. Something hits you but does no damage.
The kobold hits you with a +0 club.
* * * LOW HITPOINT WARNING * * *
The orc wizard barely misses you. Something hits you but does no damage.
You bump into the rock wall.
The kobold hits you but does no damage. The orc wizard closely misses you.
Something hits you.
You die...

##.#..# ##.
##.#.# ##
###.# # #.#
##### #.#
#.... #.#
#.### #.#
#.#
###.#######
#.#
#....@....#
#.#
#...K)o...#
#.#
#...).....#
#.#
#....)....#
#.#
#.........#
#.#
#.........#
#.#
#.........#
#.#
#.........#
#.#
#.........#
#.#


You could see an orc wizard and a kobold.

Vanquished Creatures
  Robin (D:2)
  An ufetubus (D:2)
  2 worms (D:3)
  A dart slug (D:1)
  3 orcs (D:3)
  3 endoplasms
  3 giant cockroaches
  18 goblins
  4 hobgoblins
  2 jackals (D:2)
  2 quokkas
  2 ball pythons (D:3)
  4 bats (D:3)
  2 frilled lizards
  4 rats
52 creatures vanquished.

Notes
Turn   | Place    | Note
-------+----------+-------------------------------------------
     0 | D:1      | cbfl8 the Minotaur Gladiator began the quest for the Orb.
     0 | D:1      | Reached XP level 1. HP: 18/18 MP: 0/0
    34 | D:1      | Found a faded altar of an unknown god.
    47 | D:1      | Became a worshipper of Vehumet
    47 | D:1      | Reached * piety under Vehumet
    47 | D:1      | Offered knowledge of Freeze by Vehumet.
    48 | D:1      | Fell from the grace of Vehumet
   180 | D:1      | Reached XP level 2. HP: 25/25 MP: 1/1
   731 | D:2      | Noticed Robin
   761 | D:1      | Reached skill level 4 in Axes
   843 | D:2      | Killed Robin
   844 | D:2      | Reached XP level 3. HP: 9/30 MP: 2/2
  1232 | D:2      | Found Nueph's Weapon Boutique.
  1339 | D:2      | Reached skill level 1 in Evocations
  1725 | D:3      | Found a burning altar of Makhleb.
  1729 | D:3      | Found a stormy altar of Qazlal.
  1828 | D:3      | Reached XP level 4. HP: 37/37 MP: 3/3
  1862 | D:3      | Reached skill level 1 in Armour
  2168 | D:3      | Found a hazy altar of Hepliaklqana.
  2237 | D:3      | Slain by an orc wizard

Illustrated notes

Levels and vault maps discovered:
D:1:      heliophobic_arrival_ceremonial_halls, layout_rooms,
          shapermc_ecumenical_altar_gd
D:2:      layout_loops_ring, serial_shops, shop_fountains, uniq_robin
D:3:      layout_loops_ring, overflow_temple_1_default,
          nicolae_overflow_hidden_temple, st_stairs_6

Skill      XL: |  1  2  3  4 |
---------------+-------------+-----
Axes           | 4 |  4.5
Evocations     | 1 |  1.3
Armour         | 1 |  1.1
Fighting       | |  2.8
Throwing       | |  2.2
Dodging        | |  3.8
Stealth        | |  0.3

Action                   |  1- 3 |  4- 6 || total
-------------------------+-------+-------++-------
Melee: War axe           |    69 |    26 ||    95
       Headbutt          |     8 |     5 ||    13
Invok: Renounce Religion |     1 |       ||     1
Armor: Leather armour    |    23 |    13 ||    36
Dodge: Dodged            |    49 |    15 ||    64
Block: Kite shield       |     7 |     5 ||    12
